[Event "Titled Tuesday Blitz April 11 Early 2023"]
[White "Belozerov, Andrei"]
[Black "Trifan, Andrei Ioan"]
[WhiteFideId "4120213"]
[BlackFideId "12967068"]
[WhiteElo "2373"]
[BlackElo "2208"]
[Result "1-0"]
[Round "08"]
[TimeControl "180+2"]
[Date "2023.04.11"]
[WhiteClock "0:00:15"]
[BlackClock "0:00:46"]

1. e4 e5 2. Nf3 Nc6 3. Bb5 a6 4. Ba4 Nf6 5. O-O Be7 6. Re1 b5 7. Bb3 d6 8. c3 O-O 9. h3 Nb8 10. d4 Nbd7 11. Nbd2 Bb7 12. Bc2 Re8 13. Nf1 Bf8 14. Ng3 g6 15. a4 c5 16. d5 c4 17. Bg5 h6 18. Be3 Nc5 19. Qd2 h5 20. Bxc5 dxc5 21. Nf1 Re7 22. Qe3 Qb6 23. N1d2 Ne8 24. Bd1 Nd6 25. g4 hxg4 26. hxg4 Bg7 27. g5 Kf8 28. Nh2 Ke8 29. Bg4 Kd8 30. Bh3 Kc7 31. axb5 axb5 32. Rxa8 Bxa8 33. Ng4 Bb7 34. Ra1 Kb8 35. Qf3 Bc8 36. Nh6 Bxh3 37. Qxh3 Qc7 38. Ng8 Re8 39. Qh7 Qd8 40. Nf3 Rxg8 41. Ra6 Nxe4 42. Qh4 Nd6 43. Rc6 Kb7 44. Rxc5 Bf8 45. Qg4 Nf5 46. Rxb5+ Ka6 47. Qxc4 Qa5 48. Qc6+ 1-0


[Site "https://www.chess.com"]

[Event "Titled Tuesday Blitz April 11 Early 2023"]
[White "Zarubitski, Viachaslau"]
[Black "Demin, Vladimir"]
[WhiteFideId "13509373"]
[BlackFideId "4167457"]
[WhiteElo "2284"]
[BlackElo "2549"]
[Result "1-0"]
[Round "08"]
[TimeControl "180+2"]
[Date "2023.04.11"]
[WhiteClock "0:00:23"]
[BlackClock "0:00:47"]

1. c4 e6 2. Nf3 d5 3. e3 Nf6 4. Nc3 c5 5. cxd5 exd5 6. Bb5+ Nc6 7. O-O Bd6 8. d4 cxd4 9. Nxd4 Bd7 10. Be2 O-O 11. h3 Qe7 12. Nf3 Be6 13. b3 Rad8 14. Bb2 Bb8 15. Nb5 Rfe8 16. Nbd4 Ne4 17. Rc1 Bd7 18. Nxc6 bxc6 19. Qd4 f6 20. Qd3 Qd6 21. Rfd1 Ng5 22. Bd4 Re4 23. Kf1 Bf5 24. Nxg5 fxg5 25. Bf3 Qh2 26. Qa6 Re6 27. Rxc6 1-0


[Site "https://www.chess.com"]

[Event "Titled Tuesday Blitz April 11 Early 2023"]
[White "Itgelt, Khuyagtsogt"]
[Black "egorchess95"]
[WhiteFideId "4902912"]
[WhiteElo "2227"]
[BlackElo "2545"]
[Result "1-0"]
[Round "08"]
[TimeControl "180+2"]
[Date "2023.04.11"]
[WhiteClock "0:00:08"]
[BlackClock "0:00:04"]

1. e4 c5 2. Nf3 Nc6 3. Bb5 g6 4. O-O Bg7 5. Re1 Nf6 6. Bxc6 bxc6 7. d3 O-O 8. Bd2 d6 9. Bc3 e5 10. Nbd2 Be6 11. Nc4 Qc7 12. h3 Rad8 13. Qe2 Nd7 14. b3 Kh8 15. Nfd2 f5 16. Nf3 f4 17. a3 h6 18. b4 g5 19. bxc5 Nxc5 20. Ba5 Qd7 21. Bxd8 Rxd8 22. Nh2 Bf7 23. Rab1 Re8 24. Rb4 d5 25. Nd2 a5 26. Rb2 Na4 27. Rb3 dxe4 28. Nxe4 Bxb3 29. cxb3 Nb6 30. Qh5 Kg8 31. Ng4 Re6 32. Nc5 Qe8 33. Qxe8+ Rxe8 34. d4 e4 35. Nxe4 Kh8 36. f3 Bxd4+ 37. Kf1 Nd5 38. Nxh6 Ne3+ 39. Ke2 Nxg2 40. Nf7+ Kg7 41. Nd6 Re5 42. Rc1 c5 43. Rc4 Ne3 44. Ra4 Nd5 45. Rxa5 Kg6 46. Ra6 Kg7 47. Kd3 Ne3 48. Ra7+ Kg6 49. Ra8 Rd5 50. Ke2 Bg7 51. Ra6 Kh7 52. Ne8 Bf8 53. N8f6+ Kg7 54. Ra7+ Kg6 55. Nxd5 Nxd5 56. Kd3 Ne3 57. Ra8 Kh5 58. Rxf8 Kh4 59. Rh8# 1-0


[Site "https://www.chess.com"]

[Event "Titled Tuesday Blitz April 11 Early 2023"]
[White "Francisco Guecamburu, Candela Be"]
[Black "Petrov, Martin"]
[WhiteFideId "160911"]
[BlackFideId "2911086"]
[WhiteElo "2326"]
[BlackElo "2430"]
[Result "0-1"]
[Round "08"]
[TimeControl "180+2"]
[Date "2023.04.11"]
[WhiteClock "0:00:17"]
[BlackClock "0:00:14"]

1. e4 c6 2. d4 d5 3. e5 Bf5 4. h4 c5 5. g4 Bd7 6. dxc5 e6 7. Be3 Na6 8. Bxa6 Qa5+ 9. Nd2 Qxa6 10. Nb3 Ne7 11. Nf3 h5 12. gxh5 Rxh5 13. Ng5 g6 14. Qf3 Nf5 15. a3 Bc6 16. Nd4 Qc4 17. Nxf5 exf5 18. Qe2 Qxe2+ 19. Kxe2 d4 20. Bxd4 Bxh1 21. Rxh1 Be7 22. Be3 Rd8 23. b4 Rd5 24. Nf3 a6 25. c4 Rd8 26. b5 Ra8 27. c6 bxc6 28. bxc6 Rc8 29. Nd4 Rxh4 30. Rb1 Bc5 31. Nf3 Rxc4 32. Rb7 Bxe3 33. fxe3 R4xc6 34. Ng5 R8c7 35. Rb8+ Ke7 36. Nh7 Rc5 37. Nf6 Rxe5 38. Ng8+ Kd7 39. Rb6 Re6 40. Nf6+ Kc8 41. Nd5 Rxb6 42. Nxb6+ Kb7 43. Nd5 Rd7 44. Nb4 Rd6 45. Nc2 a5 46. Nd4 Rxd4 47. exd4 Kc6 48. Ke3 Kd5 49. Kf4 Kxd4 50. Kg5 Kc4 51. Kf6 Kb3 52. Kxf7 Kxa3 53. Kxg6 f4 54. Kf5 f3 55. Ke5 f2 56. Ke6 f1=Q 57. Kd6 Kb3 58. Kd7 a4 59. Kc7 a3 60. Kc6 a2 61. Kb7 a1=Q 62. Kc7 Qc4+ 0-1


[Site "https://www.chess.com"]

[Event "Titled Tuesday Blitz April 11 Early 2023"]
[White "Budrewicz, Krzysztof"]
[Black "Megalios, Konstantinos"]
[WhiteFideId "1127950"]
[BlackFideId "4238044"]
[WhiteElo "2230"]
[BlackElo "2277"]
[Result "1-0"]
[Round "08"]
[TimeControl "180+2"]
[Date "2023.04.11"]
[WhiteClock "0:01:30"]
[BlackClock "0:00:36"]

1. d4 Nf6 2. c4 c5 3. d5 b5 4. Nf3 g6 5. Qc2 bxc4 6. e4 d6 7. Bxc4 Bg7 8. O-O O-O 9. Nc3 Nbd7 10. h3 Nb6 11. Bb5 Bd7 12. a4 Bxb5 13. axb5 a5 14. bxa6 Qc8 15. Qe2 c4 16. Nd4 Rxa6 17. Rxa6 Qxa6 18. Nc6 Re8 19. Bg5 Kf8 20. f4 e6 21. Qf3 exd5 22. exd5 Na4 23. f5 Nxc3 24. bxc3 Qb6+ 25. Kh1 Kg8 26. Bxf6 Re3 27. Qf4 1-0


[Site "https://www.chess.com"]

[Event "Titled Tuesday Blitz April 11 Early 2023"]
[White "Kvaloy, Aksel Bu"]
[Black "Dobre, Claudiu-Cristian"]
[WhiteFideId "1528815"]
[BlackFideId "1211854"]
[WhiteElo "2208"]
[BlackElo "2207"]
[Result "1-0"]
[Round "08"]
[TimeControl "180+2"]
[Date "2023.04.11"]
[WhiteClock "0:00:17"]
[BlackClock "0:00:06"]

1. d4 f5 2. Nc3 Nf6 3. e4 fxe4 4. Bg5 c6 5. f3 d5 6. Bxf6 exf6 7. fxe4 Bb4 8. exd5 O-O 9. Bd3 Qxd5 10. Qd2 Re8+ 11. Nge2 Qxg2 12. O-O-O Qg5 13. Nf4 Bxc3 14. bxc3 Nd7 15. Rhg1 Qh6 16. Rde1 Rxe1+ 17. Rxe1 Nb6 18. Re8+ Kf7 19. Qe3 Nd5 20. Bc4 Qxf4 21. Qxf4 Kxe8 22. Bxd5 cxd5 23. Qc7 Kf8 24. Qd8+ Kf7 25. h4 a5 26. a4 h5 27. Kd2 Kg6 28. Qe8+ Kh6 29. Ke3 b6 30. Qc6 Rb8 31. Qxd5 Ba6 32. Qf7 Rc8 33. d5 Bc4 34. Kd4 Ba2 35. Qe7 Rc4+ 36. Kd3 Rc5 37. d6 Rd5+ 38. Ke3 Rd1 39. Ke2 Rd5 40. d7 Bc4+ 41. Kf2 Rf5+ 42. Kg3 Bd5 43. d8=Q Rf3+ 44. Kh2 Rf2+ 45. Kg1 Bf3 46. Qh8+ 1-0


[Site "https://www.chess.com"]

[Event "Titled Tuesday Blitz April 11 Early 2023"]
[White "Chernobay, Artem"]
[Black "Goffredo_Fofi"]
[WhiteFideId "4167406"]
[WhiteElo "2474"]
[BlackElo "2523"]
[Result "1-0"]
[Round "08"]
[TimeControl "180+2"]
[Date "2023.04.11"]
[WhiteClock "0:00:33"]
[BlackClock "0:00:12"]

1. e4 Nf6 2. e5 Nd5 3. d4 d6 4. Nf3 dxe5 5. Nxe5 c6 6. Be2 Bf5 7. O-O Nd7 8. Nf3 e6 9. a3 Bd6 10. c4 N5f6 11. Nh4 Bg6 12. Nc3 Qc7 13. g3 O-O 14. Nxg6 hxg6 15. Re1 Rfe8 16. c5 Bf8 17. Bf4 e5 18. dxe5 Nxe5 19. b4 Rad8 20. Qb3 Qc8 21. Bxe5 Rxe5 22. Bc4 Rxe1+ 23. Rxe1 Qc7 24. Qc2 Nd5 25. Nxd5 cxd5 26. Bb3 a5 27. Rd1 axb4 28. axb4 b6 29. c6 Bxb4 30. Bxd5 Kf8 31. Qc4 Bc5 32. Re1 Bd6 33. Rd1 Bc5 34. Qh4 f5 35. Qh8+ Ke7 36. Qxg7+ 1-0


[Site "https://www.chess.com"]

[Event "Titled Tuesday Blitz April 11 Early 2023"]
[White "Dominguez Pons, Eric"]
[Black "Souleidis, Georgios"]
[WhiteFideId "2262916"]
[BlackFideId "4206827"]
[WhiteElo "2302"]
[BlackElo "2401"]
[Result "0-1"]
[Round "08"]
[TimeControl "180+2"]
[Date "2023.04.11"]
[WhiteClock "0:01:22"]
[BlackClock "0:00:38"]

1. d4 Nf6 2. Nf3 g6 3. Nbd2 d5 4. e3 Bg7 5. Bd3 O-O 6. O-O Nbd7 7. e4 dxe4 8. Nxe4 Nxe4 9. Bxe4 c5 10. Be3 cxd4 11. Bxd4 Bxd4 12. Qxd4 Nf6 13. Qe3 Nxe4 14. Qxe4 Qc7 15. Rfe1 Re8 16. h4 Bf5 17. Qe3 Qxc2 18. Qh6 Qxb2 19. Ne5 Rac8 20. g4 Bc2 21. Qd2 Qc3 22. Qf4 f6 23. Nf3 Rc4 24. Qg3 Be4 25. Rxe4 Rxe4 26. Rd1 Qc8 27. Nh2 Qe6 28. f3 Re2 29. a4 Rc8 30. h5 Rcc2 31. Rd8+ Kf7 32. hxg6+ hxg6 33. Nf1 Rg2+ 34. Qxg2 Rxg2+ 35. Kxg2 Qe2+ 36. Kg1 Qa6 37. Rd4 Qb6 0-1


[Site "https://www.chess.com"]

[Event "Titled Tuesday Blitz April 11 Early 2023"]
[White "Nguyen, Hong Anh"]
[Black "Mamedov, Edgar"]
[WhiteFideId "12406732"]
[BlackFideId "13739980"]
[WhiteElo "2054"]
[BlackElo "2330"]
[Result "0-1"]
[Round "08"]
[TimeControl "180+2"]
[Date "2023.04.11"]
[WhiteClock "0:00:20"]
[BlackClock "0:00:09"]

1. d4 d5 2. c4 dxc4 3. e4 Nf6 4. Nc3 e6 5. Bxc4 Bb4 6. Qd3 O-O 7. Ne2 c5 8. O-O Nc6 9. dxc5 Bxc5 10. Bf4 Qxd3 11. Bxd3 e5 12. Bg5 Be6 13. Rac1 Be7 14. h3 Rfd8 15. Rfd1 h6 16. Bxf6 Bxf6 17. Nd5 Bg5 18. Rb1 Rac8 19. b4 Kf8 20. Bc4 Ne7 21. Bb3 Nxd5 22. Bxd5 Bxd5 23. exd5 Rc2 24. Ng3 Rxa2 25. Ne4 Re2 26. Nxg5 hxg5 27. Ra1 Rb2 28. Rxa7 Rxb4 29. Kh2 Ke7 30. Kg3 Rd6 31. Ra8 Rb5 32. Rb8 f5 33. f3 Rd8 34. d6+ Rxd6 35. Rxd6 Kxd6 36. Rg8 Ke6 37. Rxg7 Kf6 38. Rc7 Rb2 39. h4 f4+ 40. Kh3 gxh4 41. Rh7 Rb1 42. Rh6+ Kg5 0-1


[Site "https://www.chess.com"]

[Event "Titled Tuesday Blitz April 11 Early 2023"]
[White "Danielyan, Vahe"]
[Black "Gogolev, Artem"]
[WhiteFideId "13304828"]
[BlackFideId "4116615"]
[WhiteElo "2423"]
[BlackElo "2182"]
[Result "1-0"]
[Round "08"]
[TimeControl "180+2"]
[Date "2023.04.11"]
[WhiteClock "0:02:05"]
[BlackClock "0:00:59"]

1. e4 c5 2. g3 Nc6 3. Bg2 g6 4. Ne2 Bg7 5. c3 Nf6 6. d4 cxd4 7. cxd4 d6 8. Nbc3 O-O 9. h3 e5 10. d5 Nb8 11. O-O a5 12. Be3 Na6 13. Rc1 Nd7 14. f4 exf4 15. gxf4 Re8 16. Nd4 Nac5 17. Ndb5 Qb6 18. a3 Bxc3 19. Nxc3 Qxb2 20. Bd4 Nb3 21. Rb1 Qxb1 22. Nxb1 Nxd4 23. Qxd4 1-0


[Site "https://www.chess.com"]

[Event "Titled Tuesday Blitz April 11 Early 2023"]
[White "Vovk, Orest"]
[Black "Al-Tarboush, Ward"]
[WhiteFideId "14113490"]
[BlackFideId "7601450"]
[WhiteElo "2215"]
[BlackElo "2265"]
[Result "1/2-1/2"]
[Round "08"]
[TimeControl "180+2"]
[Date "2023.04.11"]
[WhiteClock "0:00:06"]
[BlackClock "0:00:08"]

1. h4 d5 2. h5 e5 3. h6 Nxh6 4. d4 exd4 5. Bxh6 gxh6 6. Qxd4 Rg8 7. Nc3 Be6 8. O-O-O Bg7 9. Qa4+ Nc6 10. Nf3 Bxc3 11. bxc3 Qf6 12. Nd4 Bd7 13. Nxc6 Bxc6 14. Qd4 Qxd4 15. cxd4 Rg6 16. g3 O-O-O 17. e3 Rf6 18. Rd2 a6 19. Bd3 Rh8 20. Rh5 Kd7 21. Kd1 Kd6 22. Ke1 Bd7 23. f4 Bg4 24. Rh4 h5 25. Be2 Rg8 26. Kf2 Rfg6 27. Bd3 R6g7 28. e4 dxe4 29. Bxe4 c6 30. Rd3 Re8 31. Bf3 f5 32. c4 Rge7 33. c5+ Kc7 34. d5 cxd5 35. Rxd5 Bxf3 36. Kxf3 Re3+ 37. Kg2 Re2+ 38. Kh3 Rxa2 39. Rxf5 a5 40. Rfxh5 a4 41. Rxh7+ Kb8 42. R4h6 Rb2 43. Rb6 Rxb6 44. cxb6 a3 45. Rh5 Kc8 46. Ra5 Re3 47. Ra7 Rb3 48. Kh4 Kd7 49. Rxb7+ Kc6 50. Ra7 Kxb6 51. Ra8 Kc5 52. g4 Kd4 53. f5 Ke5 54. Kg5 Ke4 55. Ra5 Rf3 56. Ra4+ Ke5 57. Ra5+ Kd6 58. f6 Ke6 59. Ra6+ Kf7 60. Ra7+ Ke6 61. Ra6+ Kf7 62. Ra4 Rb3 63. Ra7+ Ke6 64. Kg6 Rb8 65. g5 Rg8+ 66. Kh5 Rh8+ 67. Kg4 Rh1 68. Ra6+ Kf7 69. Rxa3 Kg6 70. Rg3 Rf1 71. Rf3 Rg1+ 72. Kh3 Kf7 73. Kh4 Rh1+ 74. Kg4 Ra1 75. Kh5 Rh1+ 76. Kg4 Ra1 77. Rf4 Rb1 78. Re4 Rg1+ 79. Kf5 Rf1+ 80. Rf4 Rg1 81. g6+ Rxg6 82. Ke5 Rg5+ 83. Rf5 Rg1 84. Rf2 Re1+ 85. Kf5 Ra1 86. Rf3 Ra5+ 87. Kg4 Ra4+ 88. Rf4 Ra1 89. Kg5 Rg1+ 90. Kf5 Ra1 91. Rc4 Ra5+ 92. Kg4 Kxf6 93. Rc6+ Ke5 94. Rb6 Ra4+ 95. Kg5 Ra1 96. Rb5+ Ke6 97. Rb6+ Ke5 98. Rb5+ Ke6 99. Kg4 Ra4+ 100. Kf3 Rh4 101. Kg3 1/2-1/2


[Site "https://www.chess.com"]

[Event "Titled Tuesday Blitz April 11 Early 2023"]
[White "Petukhov, Dmitry"]
[Black "Williams, Simon K"]
[WhiteFideId "4142748"]
[BlackFideId "404454"]
[WhiteElo "2311"]
[BlackElo "2468"]
[Result "0-1"]
[Round "08"]
[TimeControl "180+2"]
[Date "2023.04.11"]
[WhiteClock "0:00:02"]
[BlackClock "0:00:08"]

1. e4 d6 2. d4 Nf6 3. Nc3 Nbd7 4. Bg5 e5 5. Nf3 Be7 6. Be2 c6 7. a4 h6 8. Bh4 O-O 9. O-O Nh7 10. Bxe7 Qxe7 11. a5 Ng5 12. Nxg5 hxg5 13. Bg4 Nf6 14. Bxc8 Raxc8 15. f3 g6 16. Qd2 Nh5 17. g3 Kg7 18. Rad1 Rcd8 19. Kg2 Rh8 20. Rf2 Kh7 21. Qe3 a6 22. Rfd2 Ng7 23. d5 c5 24. Ne2 Rb8 25. c3 b5 26. axb6 Rxb6 27. b4 Rc8 28. Ra2 f6 29. Rda1 Qb7 30. b5 axb5 31. Ra7 Qb8 32. h4 gxh4 33. Rd7 Rb7 34. Rxb7 Qxb7 35. Rh1 b4 36. cxb4 cxb4 37. Rxh4+ Kg8 38. Rg4 Kf7 39. Qh6 g5 40. f4 exf4 41. gxf4 b3 42. fxg5 Qe7 43. gxf6 Qxf6 44. Rf4 Qxf4 45. Nxf4 b2 46. Qg6+ Kg8 47. Ne6 Rc2+ 48. Kf3 Rc7 0-1


[Site "https://www.chess.com"]

[Event "Titled Tuesday Blitz April 11 Early 2023"]
[White "Piesik, Piotr"]
[Black "Shubenkova, Veronika"]
[WhiteFideId "1136194"]
[BlackFideId "44124040"]
[WhiteElo "2299"]
[BlackElo "2027"]
[Result "1-0"]
[Round "08"]
[TimeControl "180+2"]
[Date "2023.04.11"]
[WhiteClock "0:00:15"]
[BlackClock "0:00:09"]

1. Nf3 d5 2. g3 Nf6 3. Bg2 g6 4. O-O Bg7 5. d4 O-O 6. c4 c6 7. Nc3 Nbd7 8. cxd5 cxd5 9. Qb3 e6 10. a4 Re8 11. a5 Bf8 12. Bf4 a6 13. Rfc1 Nh5 14. Bg5 f6 15. Bd2 f5 16. Bg5 Be7 17. Bxe7 Rxe7 18. Na4 Qf8 19. Rc7 Ndf6 20. Rac1 Bd7 21. Nb6 Rb8 22. Ne5 Be8 23. Qb4 Rxc7 24. Qxf8+ Kxf8 25. Rxc7 Ng7 26. f3 g5 27. e3 h5 28. h3 g4 29. fxg4 fxg4 30. hxg4 hxg4 31. Bf1 Nf5 32. Bd3 Nxg3 33. Ng6+ Bxg6 34. Bxg6 Nge4 35. Kg2 Nd6 36. Kg3 Nb5 37. Rf7+ Kg8 38. Rxf6 Kg7 39. Rxe6 Rf8 40. Kxg4 Rf2 41. Nxd5 Rxb2 42. Kf5 Rf2+ 43. Nf4 Nc3 44. Re7+ Kf8 45. Rxb7 Nd5 46. Ke5 Nxf4 47. exf4 Ra2 48. d5 Rxa5 49. Kf6 Rb5 50. Rxb5 axb5 51. d6 b4 52. d7 b3 53. d8=R# 1-0


[Site "https://www.chess.com"]

[Event "Titled Tuesday Blitz April 11 Early 2023"]
[White "Vlassov, Nikolai"]
[Black "Gil Alba, Hector Luis"]
[WhiteFideId "4103360"]
[BlackFideId "3504670"]
[WhiteElo "2324"]
[BlackElo "2331"]
[Result "0-1"]
[Round "08"]
[TimeControl "180+2"]
[Date "2023.04.11"]
[WhiteClock "0:00:28"]
[BlackClock "0:01:07"]

1. e4 c5 2. c3 d6 3. d4 Nf6 4. Bd3 cxd4 5. cxd4 Nc6 6. d5 Ne5 7. Bc2 g6 8. Nc3 Bg7 9. f4 Ned7 10. Nf3 O-O 11. O-O a6 12. h3 Nc5 13. e5 dxe5 14. fxe5 Nfd7 15. b4 Nxe5 16. bxc5 Qa5 17. Bb2 Nc4 18. Qe1 Qxc5+ 19. Kh1 Nxb2 20. Ne5 Qd4 21. Nxf7 Rxf7 22. Rxf7 Kxf7 23. Ne4 Nd3 24. Ng5+ Kg8 25. Qxe7 Qxa1+ 26. Kh2 Qe5+ 0-1


[Site "https://www.chess.com"]

[Event "Titled Tuesday Blitz April 11 Early 2023"]
[White "ArtemDyachuk"]
[Black "Ibadov, Dashgyn"]
[BlackFideId "24107514"]
[WhiteElo "2416"]
[BlackElo "2208"]
[Result "1-0"]
[Round "08"]
[TimeControl "180+2"]
[Date "2023.04.11"]
[WhiteClock "0:00:03"]
[BlackClock "0:00:02"]

1. Nf3 d5 2. e3 Nf6 3. c4 e6 4. b3 Be7 5. Bb2 O-O 6. Be2 b6 7. Nc3 Bb7 8. Qc2 c5 9. cxd5 exd5 10. d4 Nc6 11. Rd1 Rc8 12. O-O cxd4 13. Nxd4 Nxd4 14. Rxd4 Ne4 15. Rfd1 Bf6 16. Rxe4 Qc7 17. Red4 Bxd4 18. Rxd4 Rfe8 19. Bf3 h6 20. h3 Qe5 21. Rg4 d4 22. Rxd4 Bxf3 23. gxf3 Re6 24. Rg4 Qh5 25. Rg3 Rf6 26. Qe2 Rg6 27. Ne4 Rxg3+ 28. Nxg3 Qxh3 29. Qd2 Kh7 30. Qd4 f6 31. Qe4+ Kh8 32. Qe7 Qh4 33. Kg2 Qg5 34. Bd4 h5 35. Qf7 h4 36. Qh5+ Qxh5 37. Nxh5 Rc2 38. Kh3 Rxf2 39. a4 Rxf3+ 40. Kxh4 Rf1 41. Kg4 Rb1 42. Nf4 Rxb3 43. Kf5 Ra3 44. Kg6 Rxa4 45. Ne6 Rc4 46. Nxg7 Rc6 47. Bxf6 Kg8 48. e4 a5 49. e5 a4 50. e6 1-0


[Site "https://www.chess.com"]

[Event "Titled Tuesday Blitz April 11 Early 2023"]
[White "KRUMMEL2008"]
[Black "Gonzalez, Francisco Silva"]
[BlackFideId "1512285"]
[WhiteElo "2599"]
[BlackElo "2074"]
[Result "0-1"]
[Round "08"]
[TimeControl "180+2"]
[Date "2023.04.11"]
[WhiteClock "0:00:07"]
[BlackClock "0:01:21"]

1. e4 e5 2. Nf3 Nc6 3. Bc4 Bc5 4. c3 Nf6 5. d3 d6 6. O-O a6 7. a4 Ba7 8. Re1 O-O 9. h3 Ne7 10. d4 Ng6 11. Nbd2 h6 12. Bb3 Re8 13. Bc2 c5 14. Nf1 cxd4 15. cxd4 Be6 16. d5 Bd7 17. Ne3 Rc8 18. Bd2 Nf4 19. Rc1 Qb6 20. b3 Rc7 21. Rf1 Rec8 22. Nc4 Rxc4 23. bxc4 Rxc4 24. Be3 Rc5 25. Rb1 Qc7 26. Bxc5 Bxc5 27. Qd2 g5 28. Kh2 Qc8 29. Ng1 b6 30. Bd3 Bxa4 31. g3 Nxd3 32. Qxd3 Bb5 33. Rxb5 axb5 34. Qxb5 Nxe4 35. f3 Nf6 36. Qc6 Qa6 37. Re1 Qa5 38. Rf1 Qd2+ 39. Kh1 Qd3 40. Qc8+ Kg7 41. g4 Qxf1 42. Qf5 Qxg1# 0-1


[Site "https://www.chess.com"]

[Event "Titled Tuesday Blitz April 11 Early 2023"]
[White "Gold_Ocean"]
[Black "Liew, Chee-Meng Jimmy"]
[BlackFideId "5700019"]
[WhiteElo "2593"]
[BlackElo "2245"]
[Result "0-1"]
[Round "08"]
[TimeControl "180+2"]
[Date "2023.04.11"]
[WhiteClock "0:00:01"]
[BlackClock "0:01:18"]

1. Nf3 d5 2. g3 Nf6 3. Bg2 g6 4. O-O Bg7 5. d3 O-O 6. Nbd2 c5 7. e4 d4 8. Qe2 Nc6 9. a4 e5 10. h3 h6 11. Re1 Be6 12. Nf1 Qd7 13. g4 Ne8 14. Ng3 Nd6 15. Bd2 f5 16. exf5 gxf5 17. gxf5 Nxf5 18. Ne4 b6 19. Nh2 Nh4 20. Ng4 Nxg2 21. Kxg2 h5 22. Nh6+ Bxh6 23. Bxh6 Bxh3+ 24. Kh2 Bg4 25. Rg1 Kh7 26. f3 Rxf3 27. Ng5+ Kxh6 28. Nxf3 Qf5 29. Qd2+ Kh7 30. Ng5+ Kg6 31. Ne4 Qf4+ 32. Qxf4 exf4 33. Raf1 Rf8 34. Rf2 Ne7 35. Rgf1 Nd5 36. c3 Ne3 37. Rg1 Kh6 38. cxd4 cxd4 39. Nd2 Bc8 40. Rf3 Bg4 41. Rf2 Bd1 42. Kh1 Bxa4 43. Nf3 Bc6 44. Rc1 Rc8 45. Kg1 Rg8+ 46. Kh1 Bd5 47. Rc7 Rg3 48. Rfc2 Bxf3+ 49. Kh2 Nf1# 0-1


[Site "https://www.chess.com"]

[Event "Titled Tuesday Blitz April 11 Early 2023"]
[White "TimGrutter03"]
[Black "Arat, Ufuk Sezen"]
[BlackFideId "6309089"]
[WhiteElo "2593"]
[BlackElo "2289"]
[Result "0-1"]
[Round "08"]
[TimeControl "180+2"]
[Date "2023.04.11"]
[WhiteClock "0:00:02"]
[BlackClock "0:00:26"]

1. e4 c5 2. Nf3 e6 3. g3 d5 4. exd5 exd5 5. Bg2 d4 6. O-O Nc6 7. Re1+ Be7 8. d3 Nf6 9. Bg5 O-O 10. Nbd2 Be6 11. Nb3 Qb6 12. Ne5 h6 13. Nxc6 bxc6 14. Bxf6 Bxf6 15. Qh5 c4 16. dxc4 Bxc4 17. Be4 Be6 18. Qf3 Rac8 19. a4 c5 20. a5 Qb5 21. Bb7 Rc7 22. a6 c4 23. Nd2 d3 24. cxd3 cxd3 25. Ra3 Rd8 26. Re3 Bh3 27. Ra1 Qxb2 28. Rd1 Rc1 29. Ree1 Rxd1 30. Rxd1 Qe5 31. g4 Qe2 32. Ne4 Qxf3 33. Nxf6+ Qxf6 0-1


[Site "https://www.chess.com"]

[Event "Titled Tuesday Blitz April 11 Early 2023"]
[White "Kucuksari, Kaan"]
[Black "Demchenko, Anton"]
[WhiteFideId "6380166"]
[BlackFideId "4160258"]
[WhiteElo "2364"]
[BlackElo "2545"]
[Result "0-1"]
[Round "08"]
[TimeControl "180+2"]
[Date "2023.04.11"]
[WhiteClock "0:00:01"]
[BlackClock "0:00:23"]

1. d4 d5 2. c4 c6 3. cxd5 cxd5 4. Nf3 Nc6 5. Nc3 e6 6. Bf4 Bd6 7. Bxd6 Qxd6 8. e3 Nge7 9. Bd3 h6 10. O-O O-O 11. Rc1 Bd7 12. a3 Rfc8 13. b4 Be8 14. Bb1 f6 15. e4 Bh5 16. exd5 exd5 17. Re1 Kf8 18. Re3 a5 19. b5 Nd8 20. Qb3 Bxf3 21. Rce1 Be4 22. Nxe4 dxe4 23. Rxe4 a4 24. Qf3 Rc7 25. g3 Rac8 26. Kg2 Qd5 27. h4 Nf7 28. Qe3 Nd6 29. Kh2 Nxe4 30. Bxe4 Qb3 31. Qf4 Qe6 32. d5 Qe5 33. Qd2 Qd6 34. b6 Rc3 35. Qd1 Rxa3 36. Bg2 Rd8 0-1


[Site "https://www.chess.com"]

[Event "Titled Tuesday Blitz April 11 Early 2023"]
[White "De Souza, Cristiano Gomes"]
[Black "Hambleton, Aman"]
[WhiteFideId "2151758"]
[BlackFideId "2606577"]
[WhiteElo "2068"]
[BlackElo "2511"]
[Result "0-1"]
[Round "08"]
[TimeControl "180+2"]
[Date "2023.04.11"]
[WhiteClock "0:00:17"]
[BlackClock "0:00:44"]

1. d4 e5 2. dxe5 Nc6 3. Nf3 Qe7 4. Bf4 Qb4+ 5. Bd2 Qxb2 6. Nc3 Bb4 7. Rb1 Qxc3 8. Bxc3 Bxc3+ 9. Nd2 Nxe5 10. e3 Nf6 11. Bd3 O-O 12. O-O d5 13. h3 b6 14. Nf3 Nxf3+ 15. Qxf3 Be5 16. c4 Be6 17. cxd5 Bxd5 18. Qe2 Bd6 19. Rbc1 Rfe8 20. Bb5 Re6 21. Bc4 Bxc4 22. Rxc4 Rae8 23. Rd1 a5 24. Kf1 Ne4 25. Qc2 g6 26. Rdd4 Nc5 27. Rd5 R8e7 28. Rcd4 Ne4 29. Qd3 Nc5 30. Qc2 Ne4 31. Qd3 Re8 32. f3 Nc5 33. Rxc5 Bxc5 34. Rd8 Rxe3 35. Rxe8+ Rxe8 36. Qd7 Re7 37. Qd8+ Kg7 38. Qd3 Bd6 39. a4 Bg3 40. Qc3+ f6 41. Qd2 g5 42. Qc3 h5 43. Qc2 Re1# 0-1


[Site "https://www.chess.com"]

[Event "Titled Tuesday Blitz April 11 Early 2023"]
[White "Amilal Munkhdalai"]
[Black "Yelisieiev, Yevhenii"]
[WhiteFideId "4903250"]
[BlackFideId "14139642"]
[WhiteElo "2293"]
[BlackElo "2425"]
[Result "1/2-1/2"]
[Round "08"]
[TimeControl "180+2"]
[Date "2023.04.11"]
[WhiteClock "0:00:46"]
[BlackClock "0:00:11"]

1. e4 d6 2. d4 Nf6 3. Nc3 e5 4. Be3 c6 5. f3 b5 6. a3 a5 7. Qd2 Nbd7 8. d5 cxd5 9. Nxd5 Rb8 10. Ne2 Nxd5 11. Qxd5 Nf6 12. Qd2 d5 13. Bg5 d4 14. c3 Bc5 15. cxd4 Bxd4 16. Nxd4 Qxd4 17. Qxd4 exd4 18. Rd1 b4 19. Rxd4 bxa3 20. bxa3 Rb3 21. Rd3 Rb2 22. Rc3 O-O 23. Bd3 Rxg2 24. Bxf6 gxf6 25. h4 h5 26. Be2 f5 27. Kf1 Rg6 28. exf5 Bxf5 29. Rc5 Rb8 30. Kf2 Be6 31. Rxa5 Rb2 32. Rc1 Bh3 33. Rg5 Rxg5 34. hxg5 Bd7 35. Rc5 h4 36. Ke3 Rb3+ 37. Kf4 Rxa3 38. Bc4 h3 39. g6 Be6 40. gxf7+ Bxf7 41. Rg5+ Kf8 42. Rf5 Ra4 43. Rxf7+ Ke8 44. Rc7 h2 45. Rh7 Rxc4+ 46. Kg3 Rc2 47. Rxh2 Rc6 48. Rh7 Kf8 49. Ra7 Rb6 50. Kg4 Kg8 51. Kg5 Rb5+ 52. Kg4 Rb6 53. f4 Kf8 54. f5 Ke8 55. Kg5 Kf8 56. Rd7 Ke8 57. Rd2 Kf8 58. Re2 Kf7 59. Rh2 Kg8 60. Rh6 Rxh6 61. Kxh6 Kf7 62. Kg5 Kg7 63. Kg4 Kf6 64. Kf4 Kf7 65. Ke5 Ke7 66. f6+ Kf7 67. Kf5 Kf8 68. Ke6 Ke8 69. Ke5 Kf7 70. Kf5 Kf8 71. Kg5 Kf7 72. Kf5 1/2-1/2


[Site "https://www.chess.com"]

[Event "Titled Tuesday Blitz April 11 Early 2023"]
[White "Omelja, Artem"]
[Black "Matinian, Nikita"]
[WhiteFideId "14119846"]
[BlackFideId "24129100"]
[WhiteElo "2404"]
[BlackElo "2422"]
[Result "1-0"]
[Round "08"]
[TimeControl "180+2"]
[Date "2023.04.11"]
[WhiteClock "0:00:22"]
[BlackClock "0:00:02"]

1. d4 Nf6 2. c4 e6 3. Nc3 Bb4 4. Bd2 b6 5. e3 Bb7 6. Nf3 O-O 7. Bd3 c5 8. O-O cxd4 9. Nxd4 Nc6 10. a3 Bxc3 11. Bxc3 Rc8 12. b4 d5 13. Nxc6 Bxc6 14. Qe2 dxc4 15. Bxc4 Ne4 16. Bb2 Qh4 17. Rfd1 Nxf2 18. Qxf2 Qxc4 19. Rac1 Qe4 20. Rd4 Qf5 21. Qxf5 exf5 22. Rdc4 Bd7 23. Rxc8 Bxc8 24. Rc7 a6 25. Bd4 b5 26. Bc5 Rd8 27. h4 h5 28. Kf2 f6 29. Kg3 Re8 30. Ra7 Kh7 31. Ra8 Kg6 32. Kf2 Kh6 33. Rb8 Rd8 34. Ke1 Kg6 35. g3 f4 36. exf4 Kf5 37. Kf2 g6 38. Ke3 Re8+ 39. Kd2 Kg4 40. Bd4 Kxg3 41. Bxf6 Re6 42. Be5 Rc6 43. f5+ Kxh4 44. f6 Be6 45. Re8 Bb3 46. Re7 Rc8 47. Bd6 Rd8 48. Re4+ Kg5 49. Rd4 Bd5 50. Rxd5+ Kxf6 51. Be5+ Ke7 52. Bf6+ Kxf6 53. Rxd8 Kg5 54. Rd6 Kh4 1-0


[Site "https://www.chess.com"]